TOP OF THE 1ST |
Red Deer Wranglers batting - Pitching for Bismark Border Guards : LHP Pedro Mata
|
Pitching: LHP Pedro Mata
|
|
Batting: RHB Carlos Peña
|
0-0: Called Strike 0-1: Foul Ball, location: 2F 0-2: Ball 1-2: Fly out, F8 (Flyball, 8LS)
|
Batting: RHB John McDonald
|
0-0: Called Strike 0-1: Ball 1-1: Ground out 5-3 (Groundball, 5S)
|
Batting: RHB Mike Wilcox
|
0-0: Ball 1-0: Foul Ball, location: 2F 1-1: Foul Ball, location: 2F 1-2: Ball 2-2: Ball 3-2: Base on Balls
|
Batting: RHB Mario Sánchez
|
0-0: Called Strike 0-1: Ball 1-1: Ball 2-1: Ball 3-1: SINGLE (Line Drive, 4MD) Mike Wilcox to second
|
Batting: LHB Ricardo Flores
|
0-0: Ball 1-0: SINGLE (Groundball, 56D) (infield hit) Mike Wilcox to third Mario Sánchez to second
|
Batting: RHB Orlando Núñes
|
0-0: Fly out, F4 (Popup, 34D)
|
Top of the 1st over - 0 run(s), 2 hit(s), 0 error(s), 3 left on base; Red Deer 0 - Bismark 0 |
BOTTOM OF THE 1ST |
Bismark Border Guards batting - Pitching for Red Deer Wranglers : RHP Ron Chapman
|
Pitching: RHP Ron Chapman
|
|
Batting: RHB Zi-xing King
|
0-0: Foul Ball, location: 2F 0-1: Foul Ball, location: 2F 0-2: Ball 1-2: Fly out, F7 (Flyball, 7D)
|
Batting: LHB Rusty Herbert
|
0-0: Foul Ball, location: 2F 0-1: SINGLE (Line Drive, 4D)
|
Batting: LHB Norberto Muñóz
|
0-0: Ball 1-0: Ball 2-0: Ball 3-0: Called Strike 3-1: SINGLE (Line Drive, 89S) Rusty Herbert to second
|
Batting: RHB Mike Wright
|
0-0: Ball 1-0: Ball 2-0: Ball 3-0: Called Strike 3-1: Foul Ball, location: 2F 3-2: Foul Ball, location: 2F 3-2: SINGLE (Line Drive, 6) Rusty Herbert to third Norberto Muñóz to second Runner from 3rd tries for Home, SAFE, throw made home Norberto Muñóz to third Mike Wright to second
|
Batting: RHB José Cintrón
|
0-0: Ball 1-0: Foul Ball, location: 2F 1-1: Foul Ball, location: 2F 1-2: Ball 2-2: Foul Ball, location: 2F 2-2: Foul Ball, location: 2F 2-2: Foul Ball, location: 2F 2-2: Fly out, F7 (Flyball, 7D) Runner from 3rd tags up, SCORES, no throw Mike Wright to third
|
Batting: RHB Ramiro Ross
|
0-0: Called Strike 0-1: Foul Ball, location: 2F 0-2: Ball 1-2: Ball 2-2: Strikes out swinging
|
Bottom of the 1st over - 2 run(s), 3 hit(s), 0 error(s), 1 left on base; Red Deer 0 - Bismark 2 |
TOP OF THE 2ND |
Red Deer Wranglers batting - Pitching for Bismark Border Guards : LHP Pedro Mata
|
Batting: LHB Ron Mayes
|
0-0: Foul Ball, location: 2F 0-1: Ball 1-1: Foul Ball, location: 2F 1-2: Foul Ball, location: 2F 1-2: Foul Ball, location: 2F 1-2: Foul Ball, location: 2F 1-2: Strikes out swinging
|
Batting: LHB Enrico Vargas
|
0-0: Fly out, F7 (Line Drive, 78M)
|
Batting: SHB José López
|
0-0: Fly out, F6 (Line Drive, 6M)
|
Top of the 2nd over - 0 run(s), 0 hit(s), 0 error(s), 0 left on base; Red Deer 0 - Bismark 2 |
BOTTOM OF THE 2ND |
Bismark Border Guards batting - Pitching for Red Deer Wranglers : RHP Ron Chapman
|
Batting: LHB Marvin Miller
|
0-0: Called Strike 0-1: Ball 1-1: Ball 2-1: Ball 3-1: Base on Balls
|
Batting: RHB Enrico Rodríguez
|
0-0: Called Strike 0-1: Fly out, F7 (Flyball, 7M)
|
Batting: LHB John Summers
|
0-0: Ball 1-0: Foul Ball, location: 2F 1-1: Ball 2-1: Ball 3-1: Grounds into double play, 4-6-3 (Groundball, 4)
|
Bottom of the 2nd over - 0 run(s), 0 hit(s), 0 error(s), 0 left on base; Red Deer 0 - Bismark 2 |
TOP OF THE 3RD |
Red Deer Wranglers batting - Pitching for Bismark Border Guards : LHP Pedro Mata
|
Batting: RHB Carlos Peña
|
0-0: Called Strike 0-1: Ground out 6-3 (Groundball, 6M)
|
Batting: RHB John McDonald
|
0-0: Ball 1-0: Called Strike 1-1: Ball 2-1: Foul Ball, location: 2F 2-2: Strikes out swinging
|
Batting: RHB Mike Wilcox
|
0-0: Called Strike 0-1: Ball 1-1: Foul Ball, location: 2F 1-2: Ball 2-2: Ball 3-2: SINGLE (Line Drive, 4D)
|
Batting: RHB Mario Sánchez
|
0-0: Fielders Choice at 2nd, U6 (Groundball, 6M)
|
Top of the 3rd over - 0 run(s), 1 hit(s), 0 error(s), 1 left on base; Red Deer 0 - Bismark 2 |
BOTTOM OF THE 3RD |
Bismark Border Guards batting - Pitching for Red Deer Wranglers : RHP Ron Chapman
|
Batting: RHB Zi-xing King
|
0-0: Foul Ball, location: 2F 0-1: Ball 1-1: Foul Ball, location: 2F 1-2: Strikes out swinging
|
Batting: LHB Rusty Herbert
|
0-0: Foul Ball, location: 2F 0-1: Foul Ball, location: 2F 0-2: Ball 1-2: Ground out 1-3 (Groundball, 13)
|
Batting: LHB Norberto Muñóz
|
0-0: Ball 1-0: Called Strike 1-1: Ball 2-1: Foul Ball, location: 2F 2-2: Foul Ball, location: 2F 2-2: Ball 3-2: Foul Ball, location: 2F 3-2: Base on Balls
|
Batting: RHB Mike Wright
|
0-0: Ball 1-0: Ball 2-0: Called Strike 2-1: Ball 3-1: Base on Balls Norberto Muñóz to second
|
Batting: RHB José Cintrón
|
0-0: Ball 1-0: Called Strike 1-1: Ball 2-1: Ball 3-1: Foul Ball, location: 2F 3-2: Fly out, F6 (Popup, 6)
|
Bottom of the 3rd over - 0 run(s), 0 hit(s), 0 error(s), 2 left on base; Red Deer 0 - Bismark 2 |
TOP OF THE 4TH |
Red Deer Wranglers batting - Pitching for Bismark Border Guards : LHP Pedro Mata
|
Batting: LHB Ricardo Flores
|
0-0: Ball 1-0: Called Strike 1-1: Foul Ball, location: 2F 1-2: Ball 2-2: Ball 3-2: Ground out 1-3 (Groundball, 13)
|
Batting: RHB Orlando Núñes
|
0-0: Called Strike 0-1: Swinging Strike 0-2: Ground out 6-3 (Groundball, 6)
|
Batting: LHB Ron Mayes
|
0-0: Ball 1-0: Fly out, F7 (Popup, 56D)
|
Top of the 4th over - 0 run(s), 0 hit(s), 0 error(s), 0 left on base; Red Deer 0 - Bismark 2 |
BOTTOM OF THE 4TH |
Bismark Border Guards batting - Pitching for Red Deer Wranglers : RHP Ron Chapman
|
Batting: RHB Ramiro Ross
|
0-0: Called Strike 0-1: SINGLE (Groundball, 56)
|
Batting: LHB Marvin Miller
|
0-0: Ball 1-0: Called Strike 1-1: Swinging Strike 1-2: Ball 2-2: Strikes out swinging
|
Batting: RHB Enrico Rodríguez
|
0-0: Called Strike 0-1: Ball 1-1: Swinging Strike 1-2: Ball 2-2: Foul Ball, location: 2F 2-2: Strikes out looking
|
Batting: LHB John Summers
|
0-0: Ball 1-0: Called Strike 1-1: Swinging Strike 1-2: Fielders Choice at 2nd, U4 (Groundball, 4M)
|
Bottom of the 4th over - 0 run(s), 1 hit(s), 0 error(s), 1 left on base; Red Deer 0 - Bismark 2 |
TOP OF THE 5TH |
Red Deer Wranglers batting - Pitching for Bismark Border Guards : LHP Pedro Mata
|
Batting: LHB Enrico Vargas
|
0-0: Called Strike 0-1: Ball 1-1: Called Strike 1-2: Strikes out swinging
|
Batting: SHB José López
|
0-0: Ball 1-0: Ball 2-0: Ground out 5-3 (Groundball, 5S)
|
Batting: RHB Carlos Peña
|
0-0: Ground out 5-3 (Groundball, 5S)
|
Top of the 5th over - 0 run(s), 0 hit(s), 0 error(s), 0 left on base; Red Deer 0 - Bismark 2 |
BOTTOM OF THE 5TH |
Bismark Border Guards batting - Pitching for Red Deer Wranglers : RHP Ron Chapman
|
Pitching: RHP Paul Barton
|
|
Batting: RHB Zi-xing King
|
0-0: Ball 1-0: Called Strike 1-1: Called Strike 1-2: Strikes out swinging
|
Batting: LHB Rusty Herbert
|
0-0: Fly out, F9 (Flyball, 89D)
|
Batting: LHB Norberto Muñóz
|
0-0: Ball 1-0: Swinging Strike 1-1: Ball 2-1: Ball 3-1: Base on Balls
|
Batting: RHB Mike Wright
|
0-0: Called Strike 0-1: Ball 1-1: Fly out, F8 (Popup, 8LS)
|
Bottom of the 5th over - 0 run(s), 0 hit(s), 0 error(s), 1 left on base; Red Deer 0 - Bismark 2 |
TOP OF THE 6TH |
Red Deer Wranglers batting - Pitching for Bismark Border Guards : LHP Pedro Mata
|
Batting: RHB John McDonald
|
0-0: Ball 1-0: Ball 2-0: Swinging Strike 2-1: Ground out 4-3 (Groundball, 4)
|
Batting: RHB Mike Wilcox
|
0-0: Swinging Strike 0-1: Ground out 6-3 (Groundball, 6)
|
Batting: RHB Mario Sánchez
|
0-0: DOUBLE (Flyball, 9LS)
|
Batting: LHB Ricardo Flores
|
0-0: Ball 1-0: Ground out 4-3 (Groundball, 4)
|
Top of the 6th over - 0 run(s), 1 hit(s), 0 error(s), 1 left on base; Red Deer 0 - Bismark 2 |
BOTTOM OF THE 6TH |
Bismark Border Guards batting - Pitching for Red Deer Wranglers : RHP Paul Barton
|
Batting: RHB José Cintrón
|
0-0: Foul Ball, location: 2F 0-1: Ball 1-1: Ball 2-1: Called Strike 2-2: Ball 3-2: Foul Ball, location: 2F 3-2: Base on Balls
|
Batting: RHB Ramiro Ross
|
0-0: Ball 1-0: Swinging Strike 1-1: Foul Ball, location: 2F 1-2: Strikes out looking
|
Batting: LHB Marvin Miller
|
0-0: SINGLE (Line Drive, 34) José Cintrón to second Runner from 2nd tries for 3rd, SAFE, throw made to third
|
Batting: RHB Enrico Rodríguez
|
0-0: Foul Ball, location: 2F 0-1: Ball 1-1: Ball 2-1: Swinging Strike 2-2: Strikes out looking
|
Batting: LHB John Summers
|
0-0: Ball 1-0: Called Strike 1-1: Swinging Strike 1-2: Ball 2-2: Foul Ball, location: 2F 2-2: Ball 3-2: Strikes out looking
|
Bottom of the 6th over - 0 run(s), 1 hit(s), 0 error(s), 2 left on base; Red Deer 0 - Bismark 2 |
TOP OF THE 7TH |
Red Deer Wranglers batting - Pitching for Bismark Border Guards : LHP Pedro Mata
|
Batting: RHB Orlando Núñes
|
0-0: Fly out, F8 (Flyball, 8RD)
|
Batting: LHB Ron Mayes
|
0-0: Ball 1-0: Ground out 4-3 (Groundball, 4)
|
Batting: LHB Enrico Vargas
|
0-0: Ground out U3 (Groundball, 3S)
|
Top of the 7th over - 0 run(s), 0 hit(s), 0 error(s), 0 left on base; Red Deer 0 - Bismark 2 |
BOTTOM OF THE 7TH |
Bismark Border Guards batting - Pitching for Red Deer Wranglers : RHP Paul Barton
|
Pitching: RHP Pedro Leal
|
|
Batting: RHB Zi-xing King
|
0-0: Ball 1-0: Fly out, F6 (Line Drive, 6)
|
Batting: LHB Rusty Herbert
|
0-0: Ball 1-0: Ground out 4-3 (Groundball, 4)
|
Batting: LHB Norberto Muñóz
|
0-0: Called Strike 0-1: Foul Ball, location: 2F 0-2: Foul Ball, location: 2F 0-2: Foul Ball, location: 2F 0-2: Ball 1-2: Ball 2-2: Ball 3-2: Base on Balls
|
Batting: RHB Mike Wright
|
0-0: Ball 1-0: Ball 2-0: Called Strike 2-1: Foul Ball, location: 2F 2-2: Ball 3-2: Base on Balls Norberto Muñóz to second
|
Batting: RHB José Cintrón
|
0-0: 3-RUN HOME RUN (Flyball, 7LD), Distance : 350 ft
|
Pitching: RHP Douglas Louch
|
|
Batting: RHB Ramiro Ross
|
0-0: Swinging Strike 0-1: Ball 1-1: Called Strike 1-2: DOUBLE (Line Drive, 7LS)
|
Batting: LHB Marvin Miller
|
0-0: Called Strike 0-1: DOUBLE (Line Drive, 89M) Ramiro Ross scores
|
Batting: RHB Enrico Rodríguez
|
0-0: Ball 1-0: Foul Ball, location: 2F 1-1: Foul Ball, location: 2F 1-2: Ball 2-2: SINGLE (Line Drive, 8RS) Marvin Miller to third Runner from 3rd tries for Home, SAFE, throw made home Enrico Rodríguez to second
|
Batting: LHB John Summers
|
0-0: Foul Ball, location: 2F 0-1: Called Strike 0-2: Ground out 4-3 (Groundball, 34)
|
Bottom of the 7th over - 5 run(s), 4 hit(s), 0 error(s), 1 left on base; Red Deer 0 - Bismark 7 |
TOP OF THE 8TH |
Red Deer Wranglers batting - Pitching for Bismark Border Guards : LHP Pedro Mata
|
Batting: SHB José López
|
0-0: Ball 1-0: Ground out 5-3 (Groundball, 5S)
|
Batting: RHB Carlos Peña
|
0-0: Ball 1-0: Foul Ball, location: 2F 1-1: Called Strike 1-2: Ball 2-2: Ball 3-2: Fly out, F6 (Popup, 5D)
|
Batting: RHB John McDonald
|
0-0: Ball 1-0: Called Strike 1-1: Swinging Strike 1-2: Ball 2-2: Ball 3-2: Strikes out swinging
|
Top of the 8th over - 0 run(s), 0 hit(s), 0 error(s), 0 left on base; Red Deer 0 - Bismark 7 |
BOTTOM OF THE 8TH |
Bismark Border Guards batting - Pitching for Red Deer Wranglers : RHP Douglas Louch
|
Batting: RHB Zi-xing King
|
0-0: Ball 1-0: Foul Ball, location: 2F 1-1: Foul Ball, location: 2F 1-2: Foul Ball, location: 2F 1-2: Ball 2-2: Ball 3-2: Base on Balls
|
Batting: LHB Rusty Herbert
|
0-0: Bunted foul Pickoff Throw to First - Error! E1 Zi-xing King to second 0-1: Ball 1-1: Ball 2-1: Bunted foul 2-2: Ball 3-2: Foul Ball, location: 2F 3-2: Base on Balls
|
Batting: LHB Norberto Muñóz
|
0-0: Called Strike 0-1: Ball 1-1: Ball 2-1: Foul Ball, location: 2F 2-2: Ball 3-2: Foul Ball, location: 2F 3-2: Base on Balls Zi-xing King to third Rusty Herbert to second
|
Batting: RHB Mike Wright
|
0-0: DOUBLE (Flyball, 78XD) Zi-xing King scores Rusty Herbert scores Norberto Muñóz to third Runner from 3rd tries for Home, SAFE, no throw or cutoff
|
Pitching: RHP Daniel Recchi
|
|
Batting: RHB José Cintrón
|
0-0: Ball 1-0: Foul Ball, location: 2F 1-1: TRIPLE (Line Drive, 9LS) Mike Wright scores
|
Batting: RHB Ramiro Ross
|
0-0: Ball 1-0: Called Strike 1-1: Fly out, F3 (Popup, 3L)
|
Batting: LHB Marvin Miller
|
0-0: Ball 1-0: Foul Ball, location: 2F 1-1: Foul Ball, location: 2F 1-2: Ball 2-2: Ball 3-2: Base on Balls
|
Batting: RHB Enrico Rodríguez
|
0-0: Ball 1-0: Ball 2-0: Called Strike 2-1: Ball 3-1: Base on Balls Marvin Miller to second
|
Batting: LHB John Summers
|
0-0: Swinging Strike 0-1: Foul Ball, location: 2F 0-2: Ball 1-2: Strikes out swinging
|
Batting: RHB Zi-xing King
|
0-0: Ball 1-0: Ball 2-0: SINGLE (Flyball, 7LM) José Cintrón scores Marvin Miller to third Enrico Rodríguez to second Runner from 3rd tries for Home, SAFE, no throw or cutoff
|
Batting: LHB Rusty Herbert
|
0-0: Ground out 4-3 (Groundball, 4)
|
Bottom of the 8th over - 6 run(s), 3 hit(s), 1 error(s), 2 left on base; Red Deer 0 - Bismark 13 |
TOP OF THE 9TH |
Red Deer Wranglers batting - Pitching for Bismark Border Guards : LHP Pedro Mata
|
Batting: RHB Mike Wilcox
|
0-0: Ball 1-0: Ball 2-0: Ball 3-0: Called Strike 3-1: Ground out 5-3 (Groundball, 5)
|
Pitching: LHP Jim Evens
|
|
Batting: RHB Mario Sánchez
|
0-0: SINGLE (Groundball, 6MD) (infield hit)
|
Batting: LHB Ricardo Flores
|
0-0: Ball 1-0: Called Strike 1-1: Ball 2-1: Called Strike 2-2: Foul Ball, location: 2F 2-2: Strikes out swinging
|
Batting: RHB Orlando Núñes
|
0-0: Ball 1-0: Ball 2-0: Foul Ball, location: 2F 2-1: Ball 3-1: Foul Ball, location: 2F 3-2: Base on Balls Mario Sánchez to second
|
Batting: LHB Ron Mayes
|
0-0: Ball 1-0: Ground out 4-3 (Groundball, 4)
|
Top of the 9th over - 0 run(s), 1 hit(s), 0 error(s), 2 left on base; Red Deer 0 - Bismark 13 |
|